 Dungeon Crawl Stone Soup version 0.24-a0-417-g1cce26a4d2 (webtiles) character file.

Game seed: 2117149281145794739

38 theanonym the Chiller (level 3, 0/19 HPs)
             Began as a Gargoyle Ice Elementalist on June 10, 2019.
             Slain by a frilled lizard (2 damage)
             ... on level 2 of the Dungeon.
             The game lasted 00:02:30 (1222 turns).

theanonym the Chiller (Gargoyle Ice Elementalist)   Turns: 1222, Time: 00:02:31

Health: 0/19       AC:  5    Str: 11    XL:     3   Next: 43%
Magic:  0/6        EV: 12    Int: 16    God:
Gold:   56         SH:  0    Dex: 10    Spells: 1/7 levels left

rFire    . . .     SeeInvis .   h - +0 dagger (curse)
rCold    . . .     Gourm    .   (no shield)
rNeg     + . .     Faith    .   a - +0 robe
rPois    ∞         Spirit   .   (no helmet)
rElec    +         Reflect  .   (no cloak)
rCorr    .         Harm     .   (no gloves)
MR       .....     Rnd*Tele +   (no boots)
Stlth    ++........             (no amulet)
HPRegen  0.06/turn              n - ring of teleportation (curse)
MPRegen  0.10/turn              (no ring)

@: no status effects
A: negative energy resistance 1, electricity resistance, unbreathing,
petrification resistance, rot immunity, AC +3
a: no special abilities


Innate Abilities, Weirdness & Mutations

You are resistant to torment.
Your stone body is resilient. (AC +3)
You are immune to poison.
You resist negative energy. (rN+)
You are resistant to electric shocks. (rElec)
You can survive without breathing.
You are immune to petrification.
You are immune to rotting.


   Skills:
 - Level 1.5 Dodging
 - Level 2.1 Stealth
 + Level 2.6 Spellcasting
 + Level 1.8 Conjurations
 + Level 3.6 Ice Magic


You had one spell level left.
You knew the following spells:

 Your Spells              Type           Power        Failure   Level  Hunger
a - Freeze                Ice            ##..         4%          1    #......
b - Throw Frost           Conj/Ice       ##....       10%         2    ##.....
c - Ozocubu's Armour      Chrm/Ice       #.......     28%         3    ###....

Your spell library contained the following spells:

 Spells                   Type           Power        Failure   Level  Hunger
 Throw Icicle             Conj/Ice       ##......     54%         4    #####..
 Summon Ice Beast         Ice/Summ       #.......     67%         4    #####..

Action                   || total
-------------------------++-------
Melee: Dagger            ||    28
       Unarmed           ||     3
 Cast: Freeze            ||    45
 Stab: Sleeping          ||     1
  Eat: Chunk             ||     1
Armor: Robe              ||    20
Dodge: Dodged            ||    41

Inventory:

Hand Weapons
 d - a +0 dagger
 h - a cursed +0 dagger (weapon)
 p - a +4 dagger
Armour
 a - a +0 robe (worn)
Jewellery
 n - a cursed ring of teleportation (left hand)
Scrolls
 g - 2 scrolls of identify {unknown}
 i - a scroll of magic mapping {unknown}
 j - 2 scrolls of amnesia {unknown}
 l - 2 scrolls of teleportation {unknown}
 o - a scroll of enchant armour {unknown}
 q - a scroll of blinking {unknown}
 r - a scroll of immolation {unknown}
Potions
 c - a potion of might {unknown}
 f - a potion of degeneration {unknown}
 k - a potion of curing {unknown}
 m - a potion of flight {unknown}
Comestibles
 b - 3 chunks of flesh
 e - 4 rations


You were on level 2 of the Dungeon.
You were not hungry.

You visited 1 branch of the dungeon, and saw 2 of its levels.

You collected 56 gold pieces.

Dungeon Overview and Level Annotations

Branches:
Dungeon (2/15)

Altars:

..... #...# #.........#
.... #......##..##.....#
.... #......###.##.....#
###..### #......#
#.#....... .......####
....###...##### ..........
................ .......#
. .....##..#######
.......# #.. ###l...÷....#
.......#...#####@).......#
....w....................#
.%..†....#######.......).#
..##.##### #.........#
.....##############..#.###
........w...÷..........#
..###################..#
.. #..# . #..#


You could see a frilled lizard.

Notes
Turn   | Place    | Note
-------+----------+-------------------------------------------
     0 | D:1      | theanonym the Gargoyle Ice Elementalist began the quest for
                  | the Orb.
     0 | D:1      | Reached XP level 1. HP: 10/10 MP: 3/3
   102 | D:1      | Reached XP level 2. HP: 10/15 MP: 0/5
   142 | D:1      | Learned a level 2 spell: Throw Frost
   361 | D:1      | HP: 6/15 [giant cockroach (2)]
   373 | D:1      | HP: 5/15 [rat (2)]
   674 | D:1      | Reached XP level 3. HP: 12/19 MP: 1/6
  1140 | D:2      | Learned a level 3 spell: Ozocubu's Armour
  1195 | D:2      | HP: 5/19 [worm (7)]
  1219 | D:2      | HP: 5/19 [hobgoblin/+0 club (1)]
  1221 | D:2      | HP: 2/19 [hobgoblin/+0 club (3)]
  1222 | D:2      | Slain by a frilled lizard

Vanquished Creatures
  An ooze (D:1)
  A dart slug (D:1)
  2 bats (D:1)
  2 giant cockroaches (D:1)
  4 goblins (D:1)
  6 hobgoblins
  3 ball pythons (D:2)
  2 frilled lizards (D:1)
  3 kobolds
  7 rats
31 creatures vanquished.

Table legend:
 A = Turns spent in this place as a percentage of turns spent in the entire game.
 B = Non-inter-level travel turns spent in this place as a percentage of non-inter-level travel turns spent in the entire game.
 C = Inter-level travel turns spent in this place as a percentage of turns spent in this place.
 D = Turns resting spent in this place as a percentage of non-inter-level travel turns spent in this place.
 E = Turns spent auto-exploring this place as a percentage of non-inter-level travel turns spent in this place.
 F = Non-inter-level travel turns spent in this place divided by the number of levels of this place that you've seen.
                   A       B       C       D       E      F
               +-------+-------+-------+-------+-------+----------------------
         Total | 100.0 | 100.0 |   6.4 |  36.5 |  44.8 | 572.0
       Dungeon | 100.0 | 100.0 |   6.4 |  36.5 |  44.8 | 572.0
               +-------+-------+-------+-------+-------+----------------------
